 Dungeon Crawl Stone Soup version 0.28.0 (webtiles) character file.

Game seed: 5938558394900793364

60 Anothat the Shield-Bearer (level 4, -17/37 HPs)
             Began as a Formicid Fighter on Feb 12, 2022.
             Engulfed by a cloud of flame (19 damage)
             ... on level 2 of the Dungeon.
             The game lasted 00:02:13 (1574 turns).

Anothat the Shield-Bearer (Formicid Fighter)        Turns: 1574, Time: 00:02:14

Health: -17/37     AC:  6    Str: 23    XL:     4   Next: 24%
Magic:  4/4        EV:  9    Int:  7    God:
Gold:   64         SH:  4    Dex: 10    Spells: 3/3 levels left

rFire   . . .      SeeInvis +   a - +1 long sword
rCold   . . .      Faith    .   c - +0 buckler
rNeg    . . .      Spirit   .   b - +0 scale mail
rPois   .          Reflect  .   (helmet unavailable)
rElec   .          Harm     .   (no cloak)
rCorr   .          Rampage  .   (no gloves)
Will    .....                   (no boots)
Stlth   ..........              (no amulet)
HPRegen 0.12/turn               (no ring)
MPRegen 0.09/turn               (no ring)

@: weak-willed
A: permanent stasis, dig shafts and tunnels, antennae 3, four strong arms
a: Dig, Shaft Self


You were on level 2 of the Dungeon.
You visited 1 branch of the dungeon, and saw 2 of its levels.

You collected 64 gold pieces.

Inventory:

Hand Weapons
 a - a +1 long sword (weapon)
 h - a +0 falchion
Armour
 b - a +0 scale mail (worn)
 c - a +0 buckler (worn)
Scrolls
 f - a scroll of teleportation
 g - a scroll of enchant weapon
Potions
 d - a potion of might
 k - a potion of cancellation


   Skills:
 + Level 3.9 Fighting
 * Level 3.2 Long Blades
 - Level 3.2 Armour
 + Level 4.2 Shields


You had 3 spell levels left.
You didn't know any spells.
Your spell library contained the following spells:

 Spells                   Type           Power      Damage    Failure   Level
 Cause Fear               Hex            0%         N/A       100%        4
 Dragon Form              Tmut           0%         N/A       100%        7
 Dragon's Call            Summ           0%         N/A       100%        9


Dungeon Overview and Level Annotations

Branches:
Dungeon (2/15)

Altars:


Innate Abilities, Weirdness & Mutations

You cannot be hasted, slowed, berserked, paralysed or teleported.
You can dig through walls and to a lower floor.
You have a pair of large antennae on your head. (SInv)
Your four strong arms can wield two-handed weapons with a shield.


Message History

No target in view!
No target in view!
No target in view!
No target in view!
No target in view!
No target in view!
No target in view!
No target in view!
No target in view!
Things that are here:
a +0 dagger; 3 stones A gnoll is nearby!
A gnoll is nearby!
The gnoll shouts! x2; You hear a shout!
As you read the scroll labelled NANINUIZENN, it crumbles to dust.
It is a scroll of identify.
k - a potion of cancellation
As you read the scroll labelled CAGATU ISHRYO, it crumbles to dust.
You feel a strange sense of stasis.
It was a scroll of teleportation.
As you read the scroll labelled BUATOG YZXEKH, it crumbles to dust.
It is a scroll of enchant weapon.
Your +0 long sword glows red for a moment.
As you read the scroll labelled NEASAX ZOPAE, it crumbles to dust.
The creatures around you are filled with an inner flame!
It was a scroll of immolation.
The gnoll shouts! x2
An adder comes into view.
As you read the scroll labelled SOESESCHICS, it crumbles to dust.
The adder hisses angrily.
Magic quickly surges around you.
It was a scroll of vulnerability.
You aren't carrying any items that you can evoke.
A goblin comes into view. It is wielding a +0 dagger.
You slash the gnoll!
The gnoll explodes!
The fiery explosion engulfs you!!
Ouch! That really hurt!
* * * LOW HITPOINT WARNING * * *
You are engulfed in blazing flames.
Ouch! That really hurt!
You die...

........# #.g......
........# #.S......
........# #........
........# ####{.^.....
........## #...........
......†).####gg..#......
......†.{{.{{....####.#.
........#####.......# #
.#
#######§§@.##.........
.. ####...>........ .
##......##...
####.g.......## #
.##.........##.# ⌠
.............# ..
.............## #⌠
.......†...#..########
...........#........#.


You could see a goblin.

Vanquished Creatures
  An adder (D:2)
  A gnoll (D:2)
  A dart slug (D:1)
  8 ball pythons
  A bat skeleton (D:2)
  4 endoplasms
  A giant cockroach (D:1)
  2 goblins (D:1)
  5 hobgoblins
  2 quokkas
  2 ball python skeletons (D:2)
  6 bats
  4 frilled lizards
  3 kobolds (D:2)
  A quokka skeleton (D:2)
  A quokka zombie (D:2)
  4 rats
47 creatures vanquished.

Notes
Turn   | Place    | Note
-------+----------+-------------------------------------------
     0 | D:1      | Anothat the Formicid Fighter began the quest for the Orb.
     0 | D:1      | Reached XP level 1. HP: 18/18 MP: 1/1
   165 | D:1      | Reached XP level 2. HP: 20/24 MP: 2/2
   512 | D:1      | Reached XP level 3. HP: 28/29 MP: 3/3
   583 | D:1      | Reached skill level 4 in Shields
  1380 | D:2      | Reached XP level 4. HP: 37/37 MP: 4/4
  1574 | D:2      | Engulfed by a cloud of flame

Illustrated notes

Levels and vault maps discovered:
D:1:      zaba_arrival_water, layout_loops_ring, chequers_serial_rivers_room_a
D:2:      layout_rooms, basic_altar, ebering_ecumenical_altar_hall,
          serial_undead, serial_undead_d, serial_undead_e, serial_undead_f,
          serial_undead_d

Skill      XL: |  1  2  3 |
---------------+----------+-----
Shields        | 4 |  4.2
Long Blades    | 3 |  3.2
Fighting       | |  3.9
Armour         | |  3.2

Action                   |  1- 3 |  4- 6 || total
-------------------------+-------+-------++-------
Melee: Long sword        |   120 |    36 ||   156
  Use: Scroll            |       |     5 ||     5
Armor: Scale mail        |    55 |    16 ||    71
Dodge: Dodged            |    75 |    17 ||    92
Block: Buckler           |    32 |     3 ||    35
